cohdb
Replays
Latest Replays
All Replays
Popular Replays
Top Player Replays
Match Explorer
How It Works
Community
CoH3 Stats
Reddit
Sign in to upload your games and track your stats! →
Sign in with Steam
Match 38643433
Unlisted
Match 38643433
Overview
Messages
Build Orders
End
Engineer Squad
Construct Barracks
Riflemen Squad
Construct Weapon Support Center
Bazooka Squad
Riflemen Squad
Selects Advanced Infantry Battlegroup
Construct Medical Station
Selects Artillery Observers
Mechanized Support Center
Grenade Package
Selects Convert to Ranger Squad
Ranger Squad
Construct Tank Depot
Selects Designate Assault Position
Bazooka Squad
M4A1 Sherman Medium Tank
Selects Ranger Weapon Training
M1918 Browning Automatic Rifles
Man on the Silver Mountain
Genki
LanceCriminal619
MPT 76
0
0
Comments
sign in to comment!
No comments posted yet!